 Dungeon Crawl Stone Soup version 0.28-a0-705-gc1fbb6f (webtiles) character file.

Game seed: 1321443067125293988

2902 NeededCrab the Carver (level 9, 0/74 HPs)
             Began as a Gnoll Cinder Acolyte on Oct 24, 2021.
             Was a High Priest of Ignis.
             Slain by a two-headed ogre (28 damage)
             ... on level 6 of the Dungeon.
             The game lasted 00:24:49 (7595 turns).

NeededCrab the Carver (Gnoll Cinder Acolyte)        Turns: 7595, Time: 00:24:49

Health: 0/74       AC: 10    Str: 13    XL:     9   Next: 78%
Magic:  12/17      EV: 14    Int: 16    God:    Ignis [*****.]
Gold:   387        SH:  0    Dex: 15    Spells: 14/18 levels left

rFire   + + .      SeeInvis .   M - +3 great sword
rCold   x . .      Faith    .   (shield currently unavailable)
rNeg    . . .      Spirit   .   p - +0 robe
rPois   .          Reflect  .   A - +0 helmet
rElec   .          Harm     .   m - +0 cloak
rCorr   .          Rampage  .   G - +1 pair of gloves
Will    .....                   H - +2 pair of boots
Stlth   +++.......              g - amulet of magic regeneration
HPRegen 0.22/turn               d - ring of fire
MPRegen 0.40/turn               K - +6 ring of dexterity

@: no status effects
A: fangs 1, strong nose, distributed training
a: Renounce Religion, Sea of Fire, Foxfire Swarm, Rising Flame


You were on level 6 of the Dungeon.
You worshipped Ignis.
Ignis was extremely pleased with you.
You visited 2 branches of the dungeon, and saw 8 of its levels.
You also visited: Sewer.

You collected 387 gold pieces.

Inventory:

Hand Weapons
 a - a -1 falchion of flaming
 b - a +1 hunting sling of freezing
 M - a +3 great sword (weapon)
Missiles
 q - 235 stones (quivered)
 t - 13 sling bullets
 x - 2 throwing nets
Armour
 m - a +0 cloak (worn)
 p - a +0 robe (worn)
 r - a scarf of resistance
 u - a +0 ring mail of cold resistance
 A - a +0 helmet (worn)
 G - a +1 pair of gloves (worn)
 H - a +2 pair of boots (worn)
 J - a +0 kite shield
Jewellery
 d - a ring of fire (left hand)
 g - an amulet of magic regeneration (around neck)
 j - an amulet of the acrobat
 s - a ring of fire
 K - a +6 ring of dexterity (right hand)
Wands
 F - a wand of iceblast (6)
 I - a wand of paralysis (7)
Scrolls
 e - 3 scrolls of amnesia
 i - 3 scrolls of fear
 k - 4 scrolls of enchant armour
 l - a scroll of blinking {unknown}
 o - a scroll of holy word {unknown}
 w - 2 scrolls of teleportation
 y - 3 scrolls of vulnerability
 z - 3 scrolls of enchant weapon
 B - a scroll of brand weapon {unknown}
 C - a scroll of noise {unknown}
 E - a scroll of summoning {unknown}
 L - a scroll of torment {unknown}
Potions
 c - 3 potions of invisibility
 f - 3 potions of mutation {unknown}
 h - a potion of heal wounds
 n - 3 potions of might
 v - a potion of curing {unknown}
 D - a potion of haste {unknown}


   Skills:
 + Level 8.1 Fighting
 + Level 4.5 Short Blades
 + Level 8.1 Long Blades
 + Level 4.5 Axes
 + Level 4.5 Maces & Flails
 + Level 4.5 Polearms
 + Level 4.5 Staves
 + Level 4.5 Slings
 + Level 4.5 Bows
 + Level 4.5 Crossbows
 + Level 4.5 Throwing
 + Level 4.5 Armour
 + Level 4.5 Dodging
 + Level 4.5 Stealth
 + Level 4.5 Shields
 + Level 4.5 Unarmed Combat
 + Level 5.4 Spellcasting
 + Level 3.7 Conjurations
 + Level 3.7 Hexes
 + Level 3.7 Summonings
 + Level 3.7 Necromancy
 + Level 3.7 Translocations
 + Level 3.7 Transmutations
 + Level 6.7 Fire Magic
 + Level 3.7 Ice Magic
 + Level 3.7 Air Magic
 + Level 3.7 Earth Magic
 + Level 3.7 Poison Magic
 + Level 5.0 Invocations
 + Level 4.5 Evocations


You had 14 spell levels left.
You knew the following spells:

 Your Spells              Type           Power      Damage    Failure   Level
a - Scorch                Fire           76%        2d8       1%          2
b - Poisonous Vapours     Pois/Air       32%        N/A       4%          2

Your spell library contained the following spells:

 Spells                   Type           Power      Damage    Failure   Level
 Animate Skeleton         Necr           32%        N/A       3%          1
 Pain                     Necr           64%        1d7       3%          1
 Corpse Rot               Necr/Air       32%        N/A       4%          2
 Ensorcelled Hibernation  Hex/Ice        32%        N/A       4%          2
 Call Canine Familiar     Summ           16%        N/A       10%         3
 Portal Projectile        Hex/Tloc       32%        N/A       10%         3
 Vampiric Draining        Necr           8%         2d7       10%         3
 Leda's Liquefaction      Hex/Erth       8%         N/A       30%         4


Dungeon Overview and Level Annotations

Branches:
Dungeon (7/15)             Temple (1/1) D:5           Sewer (visited)

Altars:
Ashenzari
Gozag
Hepliaklqana
Makhleb
Nemelex Xobeh
Okawaru
Qazlal
Ru
Sif Muna
Trog
Uskayaw
Vehumet
Wu Jian
Xom
Yredelemnul
Zin
The Shining One


Innate Abilities, Weirdness & Mutations

You have very sharp teeth.
Your uncanny sense of smell can sniff out nearby items.
Your experience applies equally to all skills.


Message History

The two-headed ogre hits you with a +0 giant spiked club!
The two-headed ogre closely misses you.
You climb upwards.
There is a stone staircase leading down here.
Casting: Poisonous Vapours (safe; 4% risk of failure)
Confirm with . or Enter, or press ? or * to list all spells.
Aiming: Poisonous Vapours (safe; 4% risk of failure)
Press: ? - help, Dir - move target, f - two-headed ogre
Aim: a two-headed ogre, wielding two +0 giant spiked clubs (lightly wounded, poisoned) Poisonous vapours surround the two-headed ogre!
The two-headed ogre looks even sicker.
The two-headed ogre barely misses you. The two-headed ogre closely misses you.
Casting: Poisonous Vapours (safe; 4% risk of failure)
Confirm with . or Enter, or press ? or * to list all spells.
Aiming: Poisonous Vapours (safe; 4% risk of failure)
Press: ? - help, Dir - move target, f/p - two-headed ogre
Aim: a two-headed ogre, wielding two +0 giant spiked clubs (moderately wounded, poisoned) Poisonous vapours surround the two-headed ogre!
The two-headed ogre looks even sicker.
Casting: Poisonous Vapours (safe; 4% risk of failure)
Confirm with . or Enter, or press ? or * to list all spells.
You feel a surge of power!
Flames lash the two-headed ogre.
The two-headed ogre is severely wounded.
The two-headed ogre's fire resistance burns away.
The two-headed ogre looks more healthy.
The two-headed ogre closely misses you.
The two-headed ogre completely misses you.
Casting: Scorch (safe; 1% risk of failure)
Confirm with . or Enter, or press ? or * to list all spells.
You feel a surge of power!
Flames lash the two-headed ogre.
The two-headed ogre is severely wounded.
The two-headed ogre hits you with a +0 giant spiked club!
The two-headed ogre misses you.
Casting: Scorch (safe; 1% risk of failure)
Confirm with . or Enter, or press ? or * to list all spells.
You feel a surge of power!
Flames lash the two-headed ogre.
The two-headed ogre is burned terribly!
The two-headed ogre is severely wounded.
The two-headed ogre hits you with a +0 giant spiked club!
The two-headed ogre hits you with a +0 giant spiked club!!
You die...

#..##.############......# ####.#
..###.##...........>....####....#
..###.##.##########..........#..#
#...#....# ##......######..#
......#..### #..###### #..#
##.##......######.###### ##..#
##.###.#.#..#..........## #..##
.#.# #.#.##..........#..#####....
.#<###.#.......O@..............##
.#...#....#######............#.#
####.#......## #.........####.##
.###.........## #...).....# ##.##
..............# ###.......###..##
..............# #............#)
###...........# #...####.....#.
#............# #......#.....#.
##.#..........## ###.##......<..


You could see a two-headed ogre (combustible).

Vanquished Creatures
  An unseen horror (D:7)
  A wraith (D:7)
  A steam dragon (D:7)
  The ghost of danspanner the Covered, an amateur TeFi (D:3)
  A water moccasin (D:7)
  A hornet zombie (D:7)
  An ice beast (D:5)
  A sky beast (D:7)
  An orc warrior (D:7)
  2 necrophages (D:4)
  2 ogres
  2 centaurs (D:7)
  A bullfrog (D:7)
  2 scorpions
  A gnoll sergeant (D:4)
  A water moccasin zombie (D:5)
  A wyvern skeleton (D:7)
  A water moccasin skeleton (D:4)
  4 wights
  2 centaur zombies (D:7)
  2 jellies
  An orc priest (D:4)
  Crazy Yiuf (D:2)
  3 iguanas
  Natasha (thrice) (D:2)
  2 orc wizards
  A killer bee zombie (D:7)
  10 gnolls
  A howler monkey zombie (D:7)
  5 adders
  A howler monkey skeleton (D:7)
  A hound simulacrum (D:3)
  A howler monkey simulacrum (D:3)
  An ufetubus (D:7)
  2 worms
  4 dart slugs
  2 adder simulacra (D:3)
  8 orcs
  11 ball pythons
  6 bats
  9 endoplasms
  5 giant cockroaches
  8 goblins
  6 hobgoblins
  10 jackals
  5 quokkas
  5 frilled lizards
  A giant cockroach simulacrum (D:3)
  15 kobolds
  A quokka simulacrum (D:3)
  8 rats
167 creatures vanquished.

Vanquished Creatures (others)
  12 foxfires (D:4)
  14 plants (Sewer)
26 creatures vanquished.

Grand Total: 193 creatures vanquished

Notes
Turn   | Place    | Note
-------+----------+-------------------------------------------
     0 | D:1      | NeededCrab the Gnoll Cinder Acolyte began the quest for the
                  | Orb.
     0 | D:1      | Reached XP level 1. HP: 23/23 MP: 4/4
   354 | D:1      | Reached XP level 2. HP: 29/29 MP: 5/5
   487 | D:1      | Found a faded altar of an unknown god.
   826 | D:1      | Learned a level 2 spell: Scorch
  1089 | D:1      | Reached XP level 3. HP: 35/35 MP: 7/7
  1299 | D:1      | Reached skill level 1 in Invocations
  1551 | D:2      | Noticed a scorpion
  1565 | D:2      | Killed a scorpion
  1566 | D:2      | Reached skill level 1 in Short Blades
  1566 | D:2      | Reached skill level 1 in Axes
  1566 | D:2      | Reached skill level 1 in Maces & Flails
  1566 | D:2      | Reached skill level 1 in Polearms
  1566 | D:2      | Reached skill level 1 in Staves
  1566 | D:2      | Reached skill level 1 in Slings
  1566 | D:2      | Reached skill level 1 in Bows
  1566 | D:2      | Reached skill level 1 in Crossbows
  1566 | D:2      | Reached skill level 1 in Throwing
  1566 | D:2      | Reached skill level 1 in Armour
  1566 | D:2      | Reached skill level 1 in Dodging
  1566 | D:2      | Reached skill level 1 in Stealth
  1566 | D:2      | Reached skill level 1 in Shields
  1566 | D:2      | Reached skill level 1 in Unarmed Combat
  1566 | D:2      | Reached skill level 1 in Conjurations
  1566 | D:2      | Reached skill level 1 in Hexes
  1566 | D:2      | Reached skill level 1 in Summonings
  1566 | D:2      | Reached skill level 1 in Necromancy
  1566 | D:2      | Reached skill level 1 in Translocations
  1566 | D:2      | Reached skill level 1 in Transmutations
  1566 | D:2      | Reached skill level 1 in Ice Magic
  1566 | D:2      | Reached skill level 1 in Air Magic
  1566 | D:2      | Reached skill level 1 in Earth Magic
  1566 | D:2      | Reached skill level 1 in Poison Magic
  1566 | D:2      | Reached skill level 1 in Evocations
  1566 | D:2      | Reached XP level 4. HP: 41/41 MP: 3/8
  1661 | D:2      | Reached XP level 5. HP: 45/47 MP: 4/9
  1759 | D:2      | Noticed Natasha
  1763 | D:2      | Killed Natasha
  1808 | D:2      | Found a runed translucent door.
  1809 | D:2      | Noticed Crazy Yiuf
  1823 | D:2      | Noticed Natasha
  1838 | D:2      | Killed Crazy Yiuf
  1878 | D:2      | Killed Natasha
  2093 | D:2      | Noticed Natasha
  2098 | D:2      | Killed Natasha
  2099 | D:2      | Reached XP level 6. HP: 53/53 MP: 6/10
  2452 | D:3      | Found a runed translucent gate.
  2452 | D:3      | Found a runed translucent gate.
  2464 | D:3      | Found a runed translucent gate.
  2504 | D:3      | Noticed danspanner's ghost (amateur TeFi)
  2587 | D:3      | Killed danspanner's ghost
  2588 | D:3      | Reached XP level 7. HP: 14/59 MP: 1/12
  3091 | D:3      | Found a sparkling altar of Nemelex Xobeh.
  3698 | D:4      | Found a sacrificial altar of Ru.
  3738 | D:4      | Found a glowing silver altar of Zin.
  3738 | D:4      | Noticed an angel
  4288 | D:4      | Reached XP level 8. HP: 67/67 MP: 5/14
  4543 | D:5      | Entered Level 5 of the Dungeon
  4574 | D:5      | Learned a level 2 spell: Poisonous Vapours
  4792 | D:5      | Found a glowing drain.
  4802 | Sewer    | Entered a sewer
  5838 | D:5      | Found a basalt altar of Yredelemnul.
  5925 | D:5      | Found a staircase to the Ecumenical Temple.
  5934 | Temple   | Entered the Ecumenical Temple
  6064 | D:5      | Found a hide-covered altar of Uskayaw.
  6890 | D:7      | Reached XP level 9. HP: 73/73 MP: 4/16
  7030 | D:7      | Found a glowing golden altar of the Shining One.
  7075 | D:7      | Found a bloodstained altar of Trog.
  7118 | D:7      | Found a shimmering blue altar of Sif Muna.
  7122 | D:7      | Got Sif Muna's Incunabulum of Cold
  7140 | D:7      | Reached skill level 5 in Spellcasting
  7213 | D:7      | Noticed a green ugly thing
  7213 | D:7      | Noticed a six-headed hydra
  7213 | D:7      | Noticed a boulder beetle
  7242 | D:7      | Killed an unseen horror
  7523 | D:7      | Reached skill level 5 in Invocations
  7559 | D:7      | Noticed a two-headed ogre
  7595 | D:6      | Slain by a two-headed ogre

Illustrated notes

Levels and vault maps discovered:
D:1:      mrwooster_arrival_statue_3, layout_basic,
          chequers_ecumenical_altar_simple, minmay_crystal_room,
          chequers_serial_rivers_small_b
D:2:      layout_rooms, uniq_crazy_yiuf_cottage, uniq_natasha
D:3:      minmay_chambers_of_twos, layout_basic, nemelex_diamond_rough_becter,
          gammafunk_ghost_icy, grunt_ministairs_8, kennysheep_nondescript
D:4:      layout_loops_cross, zin_angel, lemuel_tele_altar, lightli_minifort
D:5:      layout_rooms, kennysheep_mini_moat, general_overflow_altar,
          minmay_temple_entry_junction, gup_sewer_entry_bubbles
D:6:      layout_rooms
D:7:      nzn_winding_woodlands_cross [nzn_winding_woodlands_5x15_pool,
          nzn_winding_woodlands_5x15_river_crossing,
          nzn_winding_woodlands_5x15_longhouse,
          nzn_winding_woodlands_5x15_default,
          nzn_winding_woodlands_15x15_killbox], layout_basic,
          nzn_overflow_gifts_of_might_and_magic, kennysheep_little_box,
          tso_oasis_becter, grunt_tough_drop
Temple:   compressed_dpeg_triangle_lava_temple

Skill      XL: |  1  2  3  4  5  6  7  8  9 |
---------------+----------------------------+-----
Invocations    | 1 2 3 4 5 |  5.0
Short Blades   | 1 2 3 4 |  4.5
Axes           | 1 2 3 4 |  4.5
Maces & Flails | 1 2 3 4 |  4.5
Polearms       | 1 2 3 4 |  4.5
Staves         | 1 2 3 4 |  4.5
Slings         | 1 2 3 4 |  4.5
Bows           | 1 2 3 4 |  4.5
Crossbows      | 1 2 3 4 |  4.5
Throwing       | 1 2 3 4 |  4.5
Armour         | 1 2 3 4 |  4.5
Dodging        | 1 2 3 4 |  4.5
Stealth        | 1 2 3 4 |  4.5
Shields        | 1 2 3 4 |  4.5
Unarmed Combat | 1 2 3 4 |  4.5
Spellcasting   | 3 4 5 |  5.4
Conjurations   | 1 2 3 |  3.7
Hexes          | 1 2 3 |  3.7
Summonings     | 1 2 3 |  3.7
Necromancy     | 1 2 3 |  3.7
Translocations | 1 2 3 |  3.7
Transmutations | 1 2 3 |  3.7
Ice Magic      | 1 2 3 |  3.7
Air Magic      | 1 2 3 |  3.7
Earth Magic    | 1 2 3 |  3.7
Poison Magic   | 1 2 3 |  3.7
Evocations     | 1 2 3 4 |  4.5
Fighting       | 7 8 |  8.1
Long Blades    | 7 8 |  8.1
Fire Magic     | 6 |  6.7

Action                   |  1- 3 |  4- 6 |  7- 9 || total
-------------------------+-------+-------+-------++-------
Melee: Falchion          |    64 |    20 |    29 ||   113
       Bite              |     3 |     1 |     5 ||     9
       Great sword       |       |       |    26 ||    26
 Cast: Scorch            |    20 |    48 |   161 ||   229
       Poisonous Vapours |       |       |    10 ||    10
Invok: Foxfire Swarm     |       |       |     1 ||     1
  Use: Scroll            |       |       |    11 ||    11
 Stab: Sleeping          |       |     1 |     1 ||     2
Armor: Robe              |    14 |     7 |    38 ||    59
Dodge: Dodged            |    52 |    21 |    81 ||   154

Table legend: (Time is in decaauts)
 A = Elapsed time spent in this place.
 B = Non-inter-level travel time spent in this place.
 C = Inter-level travel time spent in this place.
 D = Time resting spent in this place.
 E = Time spent auto-exploring this place.
 F = Levels seen in this place.
 G = Mean time per level.
                   A        B        C        D        E       F      G
               +--------+--------+--------+--------+--------+-----+--------+
         Total |   7817 |   7585 |    232 |   1139 |   4772 |   9 |  868.6 |
       Dungeon |   6625 |   6393 |    232 |   1100 |   3909 |   7 |  946.4 |
        Temple |    109 |    109 |      0 |      0 |     84 |   1 |  109.0 |
         Sewer |   1082 |   1082 |      0 |     39 |    778 |   1 | 1082.0 |
               +--------+--------+--------+--------+--------+-----+--------+

Top non-repeatable levels by time:
     D:1: 1463 daAuts
     D:3: 1224 daAuts
     D:4: 1213 daAuts
   Sewer: 1082 daAuts
     D:7: 861 daAuts
     D:2: 682 daAuts
     D:6: 596 daAuts
     D:5: 584 daAuts
  Temple: 109 daAuts
